TOP OF THE 1ST |
Vista Panthers batting - Pitching for Toronto Titans : RHP Arturo Medrano
|
Pitching: RHP Arturo Medrano
|
|
Batting: RHB Eugenio Lucero
|
0-0: Called Strike 0-1: Foul Ball, location: 2F 0-2: Ball 1-2: Strikes out swinging
|
Batting: LHB Jesús González
|
0-0: Ball 1-0: Ball 2-0: Ball 3-0: Called Strike 3-1: Base on Balls
|
Batting: LHB Bob Cunningham
|
0-0: Called Strike 0-1: Foul Ball, location: 2F 0-2: Ball 1-2: Strikes out swinging
|
Batting: SHB Mark Wells
|
0-0: Ball 1-0: Ball 2-0: Called Strike 2-1: Foul Ball, location: 2F 2-2: Strikes out swinging
|
Top of the 1st over - 0 run(s), 0 hit(s), 0 error(s), 1 left on base; Vista 0 - Toronto 0 |
BOTTOM OF THE 1ST |
Toronto Titans batting - Pitching for Vista Panthers : RHP Cris Rincón
|
Pitching: RHP Cris Rincón
|
|
Batting: SHB Ramón Lugo
|
0-0: Ball 1-0: Foul Ball, location: 2F 1-1: Ball 2-1: Ball 3-1: Ground out 4-3 (Groundball, 4)
|
Batting: LHB Kent MacDulothe
|
0-0: Ball 1-0: Called Strike 1-1: DOUBLE (Line Drive, 9LM)
|
Batting: LHB José Rodríguez
|
0-0: Ground out 4-3 (Groundball, 4) Kent MacDulothe to third
|
Batting: LHB Roberto García
|
0-0: Ball 1-0: Called Strike 1-1: Ball 2-1: Ground out 4-3 (Groundball, 4)
|
Bottom of the 1st over - 0 run(s), 1 hit(s), 0 error(s), 1 left on base; Vista 0 - Toronto 0 |
TOP OF THE 2ND |
Vista Panthers batting - Pitching for Toronto Titans : RHP Arturo Medrano
|
Batting: RHB Roberto Cruz
|
0-0: Ball 1-0: Swinging Strike 1-1: Ball 2-1: Foul Ball, location: 2F 2-2: Strikes out swinging
|
Batting: RHB Javier Deleón
|
0-0: SINGLE (Line Drive, 6D)
|
Batting: LHB Harry Pitts
|
0-0: TRIPLE (Line Drive, 3D) Javier Deleón scores
|
Batting: RHB Salvador Salas
|
0-0: Called Strike 0-1: Ball 1-1: Fly out, F3 (Popup, 3F)
|
Batting: RHB Cisco Gatán
|
0-0: Fly out, F7 (Flyball, 7LM)
|
Top of the 2nd over - 1 run(s), 2 hit(s), 0 error(s), 1 left on base; Vista 1 - Toronto 0 |
BOTTOM OF THE 2ND |
Toronto Titans batting - Pitching for Vista Panthers : RHP Cris Rincón
|
Batting: SHB Álex Rosado
|
0-0: Ball 1-0: Called Strike 1-1: Called Strike 1-2: Foul Ball, location: 2F 1-2: Foul Ball, location: 2F 1-2: Ball 2-2: Ball 3-2: Fly out, F9 (Flyball, 9LDF)
|
Batting: LHB Lewis Barr
|
0-0: Ball 1-0: SINGLE (Groundball, 13) (infield hit)
|
Batting: SHB Juan Gómez
|
0-0: Ball 1-0: Grounds into double play, 1-6-3 (Groundball, 15)
|
Bottom of the 2nd over - 0 run(s), 1 hit(s), 0 error(s), 0 left on base; Vista 1 - Toronto 0 |
TOP OF THE 3RD |
Vista Panthers batting - Pitching for Toronto Titans : RHP Arturo Medrano
|
Batting: RHB Eugenio Lucero
|
0-0: Called Strike 0-1: Foul Ball, location: 2F 0-2: Ball 1-2: Ball 2-2: Foul Ball, location: 2F 2-2: Foul Ball, location: 2F 2-2: Ground out 6-3 (Groundball, 6)
|
Batting: LHB Jesús González
|
0-0: Ball 1-0: Ground out 4-3 (Groundball, 4)
|
Batting: LHB Bob Cunningham
|
0-0: Ball 1-0: Ball 2-0: Ball 3-0: Base on Balls
|
Batting: SHB Mark Wells
|
0-0: Ball 1-0: Ball 2-0: Foul Ball, location: 2F 2-1: Fly out, F8 (Flyball, 8LD)
|
Top of the 3rd over - 0 run(s), 0 hit(s), 0 error(s), 1 left on base; Vista 1 - Toronto 0 |
BOTTOM OF THE 3RD |
Toronto Titans batting - Pitching for Vista Panthers : RHP Cris Rincón
|
Batting: LHB Matt Smith
|
0-0: Called Strike 0-1: Foul Ball, location: 2F 0-2: Ball 1-2: Ground out 5-3 (Groundball, 5)
|
Batting: RHB Alberto Velásquez
|
0-0: Called Strike 0-1: Ball 1-1: Ball 2-1: Fly out, F5 (Line Drive, 5)
|
Batting: SHB Ramón Lugo
|
0-0: Ball 1-0: Ball 2-0: Foul Ball, location: 2F 2-1: Foul Ball, location: 2F 2-2: Ball 3-2: Foul Ball, location: 2F 3-2: SINGLE (Groundball, 4M)
|
Batting: LHB Kent MacDulothe
|
0-0: Ball 1-0: SINGLE (Groundball, 34D) Ramón Lugo to second Runner from 2nd tries for 3rd, SAFE, throw made to third
|
Batting: LHB José Rodríguez
|
0-0: Ball 1-0: Called Strike 1-1: Fly out, F9 (Line Drive, 89S)
|
Bottom of the 3rd over - 0 run(s), 2 hit(s), 0 error(s), 2 left on base; Vista 1 - Toronto 0 |
TOP OF THE 4TH |
Vista Panthers batting - Pitching for Toronto Titans : RHP Arturo Medrano
|
Batting: RHB Roberto Cruz
|
0-0: Ball 1-0: Foul Ball, location: 2F 1-1: DOUBLE (Line Drive, 5D)
|
Batting: RHB Javier Deleón
|
0-0: Called Strike 0-1: Ball 1-1: Foul Ball, location: 2F 1-2: Fly out, F8 (Flyball, 8RD) Runner from 2nd tags up, SAFE at 3rd, no throw
|
Batting: LHB Harry Pitts
|
0-0: Ball 1-0: Foul Ball, location: 2F 1-1: Swinging Strike 1-2: Fly out, F9 (Flyball, 9LMF) Runner from 3rd tags up, SCORES, throw made
|
Batting: RHB Salvador Salas
|
0-0: Ball 1-0: Ball 2-0: Ball 3-0: Called Strike 3-1: Base on Balls
|
Batting: RHB Cisco Gatán
|
0-0: Fly out, F8 (Flyball, 8RM)
|
Top of the 4th over - 1 run(s), 1 hit(s), 0 error(s), 1 left on base; Vista 2 - Toronto 0 |
BOTTOM OF THE 4TH |
Toronto Titans batting - Pitching for Vista Panthers : RHP Cris Rincón
|
Batting: LHB Roberto García
|
0-0: Swinging Strike 0-1: Ground out 4-3 (Groundball, 4)
|
Batting: SHB Álex Rosado
|
0-0: Ball 1-0: Foul Ball, location: 2F 1-1: Called Strike 1-2: Foul Ball, location: 2F 1-2: Foul Ball, location: 2F 1-2: Ball 2-2: Ball 3-2: SINGLE (Groundball, 56D)
|
Batting: LHB Lewis Barr
|
0-0: Fly out, F8 (Flyball, 8RM) 0-0: Fly out, F8 (Flyball, 8RM)
|
Batting: SHB Juan Gómez
|
0-0: Called Strike 0-1: Called Strike 0-2: Ball 1-2: Ball 2-2: Ball 3-2: Ground out 5-3 (Groundball, 56)
|
Bottom of the 4th over - 0 run(s), 1 hit(s), 0 error(s), 1 left on base; Vista 2 - Toronto 0 |
TOP OF THE 5TH |
Vista Panthers batting - Pitching for Toronto Titans : RHP Arturo Medrano
|
Batting: RHB Eugenio Lucero
|
0-0: Foul Ball, location: 2F 0-1: Ball 1-1: Called Strike 1-2: Foul Ball, location: 2F 1-2: Ball 2-2: Ball 3-2: Ground out 6-3 (Groundball, 6)
|
Batting: LHB Jesús González
|
0-0: DOUBLE (Line Drive, 5L)
|
Batting: LHB Bob Cunningham
|
0-0: Ball 1-0: Called Strike 1-1: Foul Ball, location: 2F 1-2: Ball 2-2: Strikes out swinging
|
Batting: SHB Mark Wells
|
0-0: Ball 1-0: Ball 2-0: Foul Ball, location: 2F 2-1: Ball 3-1: Foul Ball, location: 2F 3-2: Fly out, F7 (Flyball, 78D)
|
Top of the 5th over - 0 run(s), 1 hit(s), 0 error(s), 1 left on base; Vista 2 - Toronto 0 |
BOTTOM OF THE 5TH |
Toronto Titans batting - Pitching for Vista Panthers : RHP Cris Rincón
|
Batting: LHB Matt Smith
|
0-0: Called Strike 0-1: Foul Ball, location: 2F 0-2: Ball 1-2: Ground out 4-3 (Groundball, 34)
|
Batting: RHB Alberto Velásquez
|
0-0: Ground out 5-3 (Groundball, 56S)
|
Batting: SHB Ramón Lugo
|
0-0: Ball 1-0: Ball 2-0: Ball 3-0: Base on Balls
|
Batting: LHB Kent MacDulothe
|
0-0: Foul Ball, location: 2F 0-1: Ball 1-1: Swinging Strike 1-2: Strikes out swinging
|
Bottom of the 5th over - 0 run(s), 0 hit(s), 0 error(s), 1 left on base; Vista 2 - Toronto 0 |
TOP OF THE 6TH |
Vista Panthers batting - Pitching for Toronto Titans : RHP Arturo Medrano
|
Batting: RHB Roberto Cruz
|
0-0: Ball 1-0: Ball 2-0: Foul Ball, location: 2F 2-1: Ball 3-1: Swinging Strike 3-2: Ground out 6-3 (Groundball, 6M)
|
Batting: RHB Javier Deleón
|
0-0: Ball 1-0: Foul Ball, location: 2F 1-1: Ball 2-1: DOUBLE (Line Drive, 7D)
|
Batting: LHB Harry Pitts
|
0-0: Ball 1-0: Called Strike Javier Deleón steals 3rd base 1-1: Swinging Strike 1-2: Ball 2-2: SINGLE (Line Drive, 34D) Javier Deleón scores
|
Batting: RHB Salvador Salas
|
0-0: Ball 1-0: Called Strike 1-1: Fly out, F7 (Flyball, 78XD)
|
Batting: RHB Cisco Gatán
|
0-0: Ball 1-0: Swinging Strike 1-1: Called Strike 1-2: Ground out 5-3 (Groundball, 5L)
|
Top of the 6th over - 1 run(s), 2 hit(s), 0 error(s), 1 left on base; Vista 3 - Toronto 0 |
BOTTOM OF THE 6TH |
Toronto Titans batting - Pitching for Vista Panthers : RHP Cris Rincón
|
Batting: LHB José Rodríguez
|
0-0: Called Strike 0-1: Ball 1-1: Called Strike 1-2: Ball 2-2: DOUBLE (Popup, 5D)
|
Batting: LHB Roberto García
|
0-0: Foul Ball, location: 2F 0-1: Ground out 6-3 (Groundball, 6)
|
Batting: SHB Álex Rosado
|
0-0: Ball 1-0: SINGLE (Line Drive, 89S) José Rodríguez to third
|
Batting: LHB Lewis Barr
|
0-0: DOUBLE (Groundball, 5L) José Rodríguez scores Álex Rosado to third
|
Batting: SHB Juan Gómez
|
0-0: DOUBLE (Flyball, 9LD) Álex Rosado scores Lewis Barr scores
|
Batting: LHB Matt Smith
|
0-0: Called Strike 0-1: Ball 1-1: Ball 2-1: Foul Ball, location: 2F 2-2: Ball 3-2: Strikes out swinging
|
Batting: RHB Alberto Velásquez
|
0-0: Foul Ball, location: 2F 0-1: Ground out 4-3 (Groundball, 4)
|
Bottom of the 6th over - 3 run(s), 4 hit(s), 0 error(s), 1 left on base; Vista 3 - Toronto 3 |
TOP OF THE 7TH |
Vista Panthers batting - Pitching for Toronto Titans : RHP Arturo Medrano
|
Pitching: RHP Dave Rhodes
|
|
Pinch Hitting: RHB John Mendelson
|
0-0: Ball 1-0: Called Strike 1-1: Foul Ball, location: 2F 1-2: Foul Ball, location: 2F 1-2: Fly out, F9 (Flyball, 89XD)
|
Batting: LHB Jesús González
|
0-0: SINGLE (Line Drive, 89M)
|
Batting: LHB Bob Cunningham
|
0-0: Ball 1-0: Fly out, F8 (Flyball, 78D)
|
Batting: SHB Mark Wells
|
0-0: Called Strike 0-1: Swinging Strike 0-2: Foul Ball, location: 2F 0-2: Ball 1-2: Ball 2-2: Foul Ball, location: 2F 2-2: Ball 3-2: Strikes out swinging
|
Top of the 7th over - 0 run(s), 1 hit(s), 0 error(s), 1 left on base; Vista 3 - Toronto 3 |
BOTTOM OF THE 7TH |
Toronto Titans batting - Pitching for Vista Panthers : RHP Cris Rincón
|
Now at 2B: Iván De Jesús
|
|
Batting: SHB Ramón Lugo
|
0-0: Called Strike 0-1: Foul Ball, location: 2F 0-2: Strikes out swinging
|
Batting: LHB Kent MacDulothe
|
0-0: Foul Ball, location: 2F 0-1: Foul Ball, location: 2F 0-2: Foul Ball, location: 2F 0-2: Ball 1-2: Ball 2-2: Foul Ball, location: 2F 2-2: SINGLE (Groundball, 56)
|
Batting: LHB José Rodríguez
|
0-0: Ball 1-0: Grounds into double play, 3-6-3 (Groundball, 3)
|
Bottom of the 7th over - 0 run(s), 1 hit(s), 0 error(s), 0 left on base; Vista 3 - Toronto 3 |
TOP OF THE 8TH |
Vista Panthers batting - Pitching for Toronto Titans : RHP Dave Rhodes
|
Batting: RHB Roberto Cruz
|
0-0: Called Strike 0-1: Foul Ball, location: 2F 0-2: Strikes out swinging
|
Batting: RHB Javier Deleón
|
0-0: Ball 1-0: Called Strike 1-1: Ball 2-1: Ball 3-1: Base on Balls
|
Pitching: RHP Howard Green
|
|
Batting: LHB Harry Pitts
|
0-0: Ball 1-0: Ball 2-0: Ball 3-0: Base on Balls Javier Deleón to second
|
Batting: RHB Salvador Salas
|
0-0: DOUBLE (Line Drive, 5L) Javier Deleón scores Harry Pitts to third
|
Batting: RHB Cisco Gatán
|
0-0: Ball 1-0: Foul Ball, location: 2F 1-1: Called Strike 1-2: Strikes out swinging
|
Batting: RHB Iván De Jesús
|
0-0: Ball 1-0: Ball 2-0: SINGLE (Groundball, 4M) Harry Pitts scores Salvador Salas to third Runner from 3rd tries for Home, SAFE, no throw or cutoff
|
Pitching: RHP Juan Nieto
|
|
Batting: LHB Jesús González
|
0-0: Called Strike 0-1: Ball 1-1: Called Strike 1-2: Ball 2-2: Foul Ball, location: 2F 2-2: Ball 3-2: Foul Ball, location: 2F 3-2: Base on Balls Iván De Jesús to second
|
Batting: LHB Bob Cunningham
|
0-0: Ball 1-0: Called Strike 1-1: Ball 2-1: Ball 3-1: Base on Balls Iván De Jesús to third Jesús González to second
|
Batting: SHB Mark Wells
|
0-0: Called Strike 0-1: Ground out U3 (Groundball, 3L)
|
Top of the 8th over - 3 run(s), 2 hit(s), 0 error(s), 3 left on base; Vista 6 - Toronto 3 |
BOTTOM OF THE 8TH |
Toronto Titans batting - Pitching for Vista Panthers : RHP Cris Rincón
|
Pitching: RHP Mitsunari Taguchi
|
|
Batting: LHB Roberto García
|
0-0: Foul Ball, location: 2F 0-1: Ball 1-1: Foul Ball, location: 2F 1-2: Ground out 1-3 (Groundball, 13S)
|
Batting: SHB Álex Rosado
|
0-0: Ball 1-0: Reached on error, E3 (Groundball, 34)
|
Pitching: RHP José Betancourt
|
|
Batting: LHB Lewis Barr
|
0-0: SINGLE (Groundball, 56D) (infield hit) Álex Rosado to third
|
Pitching: LHP John Whitaker
|
|
Batting: SHB Juan Gómez
|
0-0: DOUBLE (Line Drive, 4MD) Álex Rosado scores Lewis Barr to third
|
Batting: LHB Matt Smith
|
0-0: Ball 1-0: Ball 2-0: Foul Ball, location: 2F 2-1: Ball 3-1: Fly out, F7 (Flyball, 7D) Runner from 3rd tags up, SCORES, no throw
|
Batting: RHB Alberto Velásquez
|
0-0: Ball 1-0: Ground out 6-3 (Groundball, 6)
|
Bottom of the 8th over - 2 run(s), 2 hit(s), 1 error(s), 1 left on base; Vista 6 - Toronto 5 |
TOP OF THE 9TH |
Vista Panthers batting - Pitching for Toronto Titans : RHP Juan Nieto
|
Batting: RHB Roberto Cruz
|
0-0: Swinging Strike 0-1: Swinging Strike 0-2: Ball 1-2: Strikes out swinging
|
Batting: RHB Javier Deleón
|
0-0: Ball 1-0: Called Strike 1-1: Foul Ball, location: 2F 1-2: Foul Ball, location: 2F 1-2: SINGLE (Flyball, 89S)
|
Batting: LHB Harry Pitts
|
0-0: Called Strike Javier Deleón steals 2nd base 0-1: Called Strike Javier Deleón is caught stealing 3rd base 0-2: Ball 1-2: Ball 2-2: Ball 3-2: Strikes out swinging
|
Top of the 9th over - 0 run(s), 1 hit(s), 0 error(s), 0 left on base; Vista 6 - Toronto 5 |
BOTTOM OF THE 9TH |
Toronto Titans batting - Pitching for Vista Panthers : LHP John Whitaker
|
Pitching: RHP António López
|
|
Batting: SHB Ramón Lugo
|
0-0: Ball 1-0: Called Strike 1-1: Swinging Strike 1-2: Strikes out swinging
|
Batting: LHB Kent MacDulothe
|
0-0: Called Strike 0-1: Ball 1-1: Ball 2-1: Foul Ball, location: 2F 2-2: Foul Ball, location: 2F 2-2: Foul Ball, location: 2F 2-2: SOLO HOME RUN (Flyball, 9LD), Distance : 360 ft
|
Batting: LHB José Rodríguez
|
0-0: Called Strike 0-1: Ball 1-1: Foul Ball, location: 2F 1-2: Foul Ball, location: 2F 1-2: Strikes out swinging
|
Batting: LHB Roberto García
|
0-0: Called Strike 0-1: Called Strike 0-2: Ball 1-2: Ball 2-2: Ball 3-2: SINGLE (Line Drive, 89S)
|
Batting: SHB Álex Rosado
|
0-0: Called Strike 0-1: Foul Ball, location: 2F 0-2: Ball 1-2: Ball 2-2: Ground out 4-3 (Groundball, 4S)
|
Bottom of the 9th over - 1 run(s), 2 hit(s), 0 error(s), 1 left on base; Vista 6 - Toronto 6 |
TOP OF THE 10TH |
Vista Panthers batting - Pitching for Toronto Titans : RHP Juan Nieto
|
Pitching: LHP Braydon Schute
|
|
Batting: RHB Salvador Salas
|
0-0: Called Strike 0-1: Ball 1-1: Ball 2-1: SINGLE (Groundball, 3D)
|
Batting: RHB Cisco Gatán
|
0-0: Bunted foul 0-1: Ball 1-1: Bunted foul 1-2: Strikes out swinging
|
Batting: RHB Iván De Jesús
|
0-0: Ball 1-0: Grounds into double play, U6-3 (Groundball, 6M)
|
Top of the 10th over - 0 run(s), 1 hit(s), 0 error(s), 0 left on base; Vista 6 - Toronto 6 |
BOTTOM OF THE 10TH |
Toronto Titans batting - Pitching for Vista Panthers : RHP António López
|
Batting: LHB Lewis Barr
|
0-0: Ball 1-0: Ground out U3 (Groundball, 3L)
|
Batting: SHB Juan Gómez
|
0-0: SOLO HOME RUN (Flyball, 9D), Distance : 355 ft
|
Monday, December 5th, 2016 - OOTP Baseball 17.12 Build 75
|
|